 Dungeon Crawl Stone Soup version 0.30.1-4-g462c640d31 (webtiles) character file.

Game seed: 11956344771033632295

135 Ninjinzu the Trooper (level 4, -2/37 HPs)
             Began as a Demonspawn Berserker on Sept 6, 2023.
             Was a Believer of Trog.
             Constricted to death by Grinder (8 damage)
             ... on level 3 of the Dungeon.
             The game lasted 00:13:50 (2480 turns).

Ninjinzu the Trooper (Demonspawn Berserker)         Turns: 2480, Time: 00:13:52

Health: -2/37      AC:  9    Str: 19    XL:     4   Next: 97%
Magic:  0/4        EV:  8    Int:  8    God:    Trog [**....]
Gold:   137        SH:  0    Dex: 13    Spells: 3/3 levels left

rFire   + . .        g - +2 dagger (venom)
rCold   . . .        (no shield)
rNeg    . . .        h - +2 ring mail {rF+}
rPois   .            (no helmet)
rElec   .            (no cloak)
rCorr   .            (no gloves)
SInv    .            (no boots)
Will    +....        q - amulet of guardian spirit
Stlth   +            c - ring of flight
HPRegen 0.26/turn    e - ring of willpower
MPRegen 0.09/turn

%: guardian spirit
@: grasped by roots, flying, constricted
A: thin metallic scales 1, demonic magic 2
a: Renounce Religion, Berserk, Trog's Hand


You were on level 3 of the Dungeon.
You worshipped Trog.
Trog was pleased with you.
You visited 1 branch of the dungeon, and saw 3 of its levels.

You collected 137 gold pieces.

Inventory:

Hand Weapons
 a - a +0 falchion
 g - a +2 dagger of venom (weapon)
Armour
 b - a +0 animal skin
 h - a +2 ring mail of fire resistance (worn)
Jewellery
 c - a ring of flight (left hand)
 d - a ring of magical power
 e - a ring of willpower (right hand)
 i - a +6 ring of intelligence
 q - an amulet of guardian spirit (around neck)
Wands
 n - a wand of digging (7)
Scrolls
 f - 2 scrolls of magic mapping {unknown}
 j - a scroll of silence {unknown}
 m - a scroll of enchant weapon {unknown}
 o - a scroll of identify {unknown}
 p - a scroll of teleportation {unknown}


   Skills:
 + Level 4.0 Fighting
 + Level 1.1(2.6) Short Blades
 + Level 3.7(3.8) Long Blades
 + Level 1.8 Armour
 + Level 2.3 Dodging
 + Level 1.1 Stealth


You had 3 spell levels left.
You didn't know any spells.
Your spell library was empty.

Dungeon Overview and Level Annotations

Branches:
Dungeon (3/15)

Altars:

Shops:
D:2 (   D:3 (:(=[

Annotations:
D:3 Grinder


Innate Abilities, Weirdness & Mutations

You are partially covered in thin metallic scales. (AC +2)
Spells you cast may paralyse nearby enemies.


Message History

Things that are here:
a +0 dagger; a +0 robe; the human corpse of Jessica You now have 137 gold pieces (gained 5).
There are no items here.
You see here 3 stones.
Things that are here:
a +0 dagger; a +0 robe; the human corpse of Jessica HP restored.
There is an entrance to Jogefit's Antique Armour Shoppe here.
You see here a +0 flail.
There is a stone staircase leading down here.
You see here 5 atropa-tipped darts.
Grinder comes into view.
She is carrying a wand of roots (9).
Grinder shouts!
Grinder blinks!
Found a stone staircase leading up.
Grinder gestures at you. Pain shoots through your body!
You closely miss Grinder. Grinder hits you.
You hit Grinder.
Grinder is poisoned.
Your punch misses Grinder.
Grinder is lightly wounded.
Grinder blinks!
You hit Grinder.
Grinder is lightly wounded.
You hit Grinder.
Grinder is lightly wounded.
Grinder barely misses you.
You hit Grinder but do no damage. Your punch misses Grinder.
Grinder is lightly wounded.
Grinder zaps a wand.
The roots erupt in riotous growth!
The grasping roots grab you!
Grinder is unaffected.
The grasping roots constrict you!
You hit Grinder but do no damage.
Grinder is moderately wounded.
Grinder hits you!
* * * LOW HITPOINT WARNING * * *
You writhe in agony.
* * * LOW HITPOINT WARNING * * *
The grasping roots constrict you!
You die...

### #.. #.#
#.# #<# #.#
######## #5#
#....... #@#
#.###### #.#
#.# #### #.#
♣.♣ #... #.#
###♣♣.♣♣#.##
#.#
#.........#
#.#
#.#♣♣.♣♣#.#
#.### #.#
♣.♣ ###
#...#
#.###.#
###.#
#..##.#


You could see Grinder (very poisoned).

Vanquished Creatures
  Jessica (D:3)
  Terence (D:3)
  3 adders
  A worm (D:2)
  An orc (D:3)
  4 endoplasms
  A giant cockroach (D:2)
  14 goblins
  3 hobgoblins
  4 kobolds
  A quokka (D:1)
  4 ball pythons
  8 bats
  3 frilled lizards
  7 rats
56 creatures vanquished.

Notes
Turn   | Place    | Note
-------+----------+-------------------------------------------
     0 | D:1      | Ninjinzu the Demonspawn Berserker began the quest for the
                  | Orb.
     0 | D:1      | Reached XP level 1. HP: 18/18 MP: 1/1
   350 | D:1      | Gained mutation: Spells you cast may paralyse adjacent
                  | enemies. [demonic ancestry]
   350 | D:1      | Reached XP level 2. HP: 24/24 MP: 2/2
  1197 | D:2      | Gained mutation: You are partially covered in thin metallic
                  | scales. (AC +2) [demonic ancestry]
  1197 | D:2      | Reached XP level 3. HP: 16/29 MP: 3/3
  1291 | D:2      | Reached ** piety under Trog
  1424 | D:2      | Found a faded altar of an unknown god.
  1575 | D:2      | Found Vunoalo's Weapon Boutique.
  1971 | D:3      | Found Lenirr's Weapon Boutique.
  2005 | D:3      | Found Bumow's Antique Weapon Shop.
  2017 | D:3      | Gained mutation: Spells you cast may paralyse nearby
                  | enemies. [demonic ancestry]
  2017 | D:3      | Reached XP level 4. HP: 37/37 MP: 4/4
  2020 | D:3      | Found Yhukucubb's Book Boutique.
  2122 | D:3      | Noticed Terence
  2146 | D:3      | Killed Terence
  2147 | D:3      | Reached skill level 1 in Stealth
  2300 | D:3      | Found Weduruil's Jewellery Boutique.
  2357 | D:3      | Found Jogefit's Antique Armour Shoppe.
  2363 | D:3      | Noticed Jessica
  2368 | D:3      | Killed Jessica
  2369 | D:3      | Reached skill level 4 in Fighting
  2369 | D:3      | Reached skill level 1 in Short Blades
  2467 | D:3      | Noticed Grinder
  2480 | D:3      | Constricted to death by Grinder

Illustrated notes

Levels and vault maps discovered:
D:1:      minmay_arrival_glassed_features, layout_basic, minmay_misc_feat_roman,
          hangedman_decor_clover_reticule, amcnicky_mini_corridor_feature,
          hangedman_abyss_or_decor_stabs
D:2:      layout_basic, serial_shops, nicolae_shop_hallway_stairs,
          shapermc_ecumenical_altar_mp_ritualfount
D:3:      layout_loops_ring, serial_shops, nicolae_shop_crystal,
          nicolae_shop_stone, shop, nicolae_shop_tiny_glass, shop,
          eino_curves_04, minmay_tree_intersection, uniq_terence, uniq_jessica,
          uniq_grinder

Skill      XL: |  1  2  3  4 |
---------------+-------------+-----
Long Blades    | 3 |  3.7
Dodging        | 2 |  2.3
Stealth        | 1 |  1.1
Fighting       | 4 |  4.0
Short Blades   | 1 |  1.1
Armour         | |  1.8

Action                     |  1- 3 |  4- 6 || total
---------------------------+-------+-------++-------
  Melee: Falchion          |    95 |       ||    95
         Punch             |     1 |       ||     1
         Dagger            |    49 |    24 ||    73
 Invoke: Berserk           |       |     1 ||     1
    Use: Potion            |     1 |     4 ||     5
   Stab: Sleeping          |     1 |       ||     1
 Armour: Animal skin       |    39 |       ||    39
         Ring mail         |       |     5 ||     5
         Skin              |       |     2 ||     2
  Dodge: Dodged            |   105 |     5 ||   110
